Workbook
Name aa: [1]XL4Poppy!$C$39
Name CL: 基本资料!$F:$F
Name CL: 基本资料!$F:$F
Name CPTH: 基本资料!$D:$D
Name CPTH: 基本资料!$B:$B
Name JBZL: 基本资料!$B:$F
Name JBZL: 基本资料!$B:$F

Sheet 封面

Sheet 基本资料
B1: 产品编号 | C1: 产品名称 | D1: 规格 | E1: 颜色 | F1: 单位
B2: 编号1 | C2: 产品1 | D2: 20*30*25 | E2: 颜色1 | F2: 套
B3: 编号2 | C3: 产品2 | D3: 20*30*26 | E3: 颜色2 | F3: 台
B4: 编号3 | C4: 产品3 | D4: 20*30*27 | E4: 颜色3 | F4: 台
B5: 编号4 | C5: 产品4 | D5: 20*30*28 | E5: 颜色4 | F5: 台
B6: 编号5 | C6: 产品5 | D6: 20*30*29 | E6: 颜色5 | F6: 套
B7: 编号6 | C7: 产品6 | D7: 20*30*30 | E7: 颜色6 | F7: 套
B8: 编号7 | C8: 产品7 | D8: 20*30*31 | E8: 颜色7 | F8: 套
B9: 编号8 | C9: 产品8 | D9: 20*30*32 | E9: 颜色8 | F9: 台
B10: 编号9 | C10: 产品9 | D10: 20*30*33 | E10: 颜色9 | F10: 台
B11: 编号10 | C11: 产品10 | D11: 20*30*34 | E11: 颜色10 | F11: 台
H40: *

Sheet 采购（支出）
B2: 采购记录表
B3: 日期 | C3: 产品编号 | D3: 产品名称 | E3: 规格 | F3: 颜色 | G3: 单位 | H3: 采购数量 | I3: 采购单价 | J3: 采购金额 | K3: 入库单号 | L3: 供应商 | M3: 联系人/电话
B4: 43617 | C4: 编号1 | D4: =IFERROR(VLOOKUP(C4,JBZL,2,FALSE),"-") -> 产品1 | E4: =IFERROR(VLOOKUP(C4,JBZL,3,FALSE),"-") -> 20*30*25 | F4: =IFERROR(VLOOKUP(C4,JBZL,4,FALSE),"-") -> 颜色1 | G4: =IFERROR(VLOOKUP(C4,JBZL,5,FALSE),"-") -> 套 | H4: 100 | I4: 10 | J4: =H4*I4 -> 1000 | K4: 单号1
B5: 43618 | C5: 编号2 | D5: =IFERROR(VLOOKUP(C5,JBZL,2,FALSE),"-") -> 产品2 | E5: =IFERROR(VLOOKUP(C5,JBZL,3,FALSE),"-") -> 20*30*26 | F5: =IFERROR(VLOOKUP(C5,JBZL,4,FALSE),"-") -> 颜色2 | G5: =IFERROR(VLOOKUP(C5,JBZL,5,FALSE),"-") -> 台 | H5: 150 | I5: 15 | J5: =H5*I5 -> 2250 | K5: 单号2
B6: 43619 | C6: 编号3 | D6: =IFERROR(VLOOKUP(C6,JBZL,2,FALSE),"-") -> 产品3 | E6: =IFERROR(VLOOKUP(C6,JBZL,3,FALSE),"-") -> 20*30*27 | F6: =IFERROR(VLOOKUP(C6,JBZL,4,FALSE),"-") -> 颜色3 | G6: =IFERROR(VLOOKUP(C6,JBZL,5,FALSE),"-") -> 台 | H6: 200 | I6: 15 | J6: =H6*I6 -> 3000 | K6: 单号3
B7: 43620 | C7: 编号4 | D7: =IFERROR(VLOOKUP(C7,JBZL,2,FALSE),"-") -> 产品4 | E7: =IFERROR(VLOOKUP(C7,JBZL,3,FALSE),"-") -> 20*30*28 | F7: =IFERROR(VLOOKUP(C7,JBZL,4,FALSE),"-") -> 颜色4 | G7: =IFERROR(VLOOKUP(C7,JBZL,5,FALSE),"-") -> 台 | H7: 120 | I7: 10 | J7: =H7*I7 -> 1200 | K7: 单号4
B8: 43621 | C8: 编号5 | D8: =IFERROR(VLOOKUP(C8,JBZL,2,FALSE),"-") -> 产品5 | E8: =IFERROR(VLOOKUP(C8,JBZL,3,FALSE),"-") -> 20*30*29 | F8: =IFERROR(VLOOKUP(C8,JBZL,4,FALSE),"-") -> 颜色5 | G8: =IFERROR(VLOOKUP(C8,JBZL,5,FALSE),"-") -> 套 | H8: 150 | I8: 12 | J8: =H8*I8 -> 1800 | K8: 单号5
B9: 43622 | C9: 编号6 | D9: =IFERROR(VLOOKUP(C9,JBZL,2,FALSE),"-") -> 产品6 | E9: =IFERROR(VLOOKUP(C9,JBZL,3,FALSE),"-") -> 20*30*30 | F9: =IFERROR(VLOOKUP(C9,JBZL,4,FALSE),"-") -> 颜色6 | G9: =IFERROR(VLOOKUP(C9,JBZL,5,FALSE),"-") -> 套 | H9: 180 | I9: 18 | J9: =H9*I9 -> 3240 | K9: 单号6
B10: 43623 | C10: 编号7 | D10: =IFERROR(VLOOKUP(C10,JBZL,2,FALSE),"-") -> 产品7 | E10: =IFERROR(VLOOKUP(C10,JBZL,3,FALSE),"-") -> 20*30*31 | F10: =IFERROR(VLOOKUP(C10,JBZL,4,FALSE),"-") -> 颜色7 | G10: =IFERROR(VLOOKUP(C10,JBZL,5,FALSE),"-") -> 套 | H10: 60 | I10: 5 | J10: =H10*I10 -> 300 | K10: 单号7
B11: 43624 | C11: 编号8 | D11: =IFERROR(VLOOKUP(C11,JBZL,2,FALSE),"-") -> 产品8 | E11: =IFERROR(VLOOKUP(C11,JBZL,3,FALSE),"-") -> 20*30*32 | F11: =IFERROR(VLOOKUP(C11,JBZL,4,FALSE),"-") -> 颜色8 | G11: =IFERROR(VLOOKUP(C11,JBZL,5,FALSE),"-") -> 台 | H11: 80 | I11: 6 | J11: =H11*I11 -> 480 | K11: 单号8
B12: 43625 | C12: 编号9 | D12: =IFERROR(VLOOKUP(C12,JBZL,2,FALSE),"-") -> 产品9 | E12: =IFERROR(VLOOKUP(C12,JBZL,3,FALSE),"-") -> 20*30*33 | F12: =IFERROR(VLOOKUP(C12,JBZL,4,FALSE),"-") -> 颜色9 | G12: =IFERROR(VLOOKUP(C12,JBZL,5,FALSE),"-") -> 台 | H12: 50 | I12: 8 | J12: =H12*I12 -> 400 | K12: 单号9
B13: 43626 | C13: 编号10 | D13: =IFERROR(VLOOKUP(C13,JBZL,2,FALSE),"-") -> 产品10 | E13: =IFERROR(VLOOKUP(C13,JBZL,3,FALSE),"-") -> 20*30*34 | F13: =IFERROR(VLOOKUP(C13,JBZL,4,FALSE),"-") -> 颜色10 | G13: =IFERROR(VLOOKUP(C13,JBZL,5,FALSE),"-") -> 台 | H13: 50 | I13: 8 | J13: =H13*I13 -> 400 | K13: 单号10

Sheet 销售（收入）
B2: 销售记录表
B3: 日期 | C3: 产品编号 | D3: 产品名称 | E3: 规格 | F3: 颜色 | G3: 单位 | H3: 销售数量 | I3: 销售单价 | J3: 销售金额 | K3: 销售员 | L3: 备注
B4: 43466 | C4: 编号1 | D4: =IFERROR(VLOOKUP(C4,JBZL,2,FALSE),"-") -> 产品1 | E4: =IFERROR(VLOOKUP(C4,JBZL,3,FALSE),"-") -> 20*30*25 | F4: =IFERROR(VLOOKUP(C4,JBZL,4,FALSE),"-") -> 颜色1 | G4: =IFERROR(VLOOKUP(C4,JBZL,5,FALSE),"-") -> 套 | H4: 100 | I4: 15 | J4: =H4*I4 -> 1500
B5: 43467 | C5: 编号2 | D5: =IFERROR(VLOOKUP(C5,JBZL,2,FALSE),"-") -> 产品2 | E5: =IFERROR(VLOOKUP(C5,JBZL,3,FALSE),"-") -> 20*30*26 | F5: =IFERROR(VLOOKUP(C5,JBZL,4,FALSE),"-") -> 颜色2 | G5: =IFERROR(VLOOKUP(C5,JBZL,5,FALSE),"-") -> 台 | H5: 80 | I5: 25 | J5: =H5*I5 -> 2000
B6: 43468 | C6: 编号3 | D6: =IFERROR(VLOOKUP(C6,JBZL,2,FALSE),"-") -> 产品3 | E6: =IFERROR(VLOOKUP(C6,JBZL,3,FALSE),"-") -> 20*30*27 | F6: =IFERROR(VLOOKUP(C6,JBZL,4,FALSE),"-") -> 颜色3 | G6: =IFERROR(VLOOKUP(C6,JBZL,5,FALSE),"-") -> 台 | H6: 60 | I6: 25 | J6: =H6*I6 -> 1500
B7: 43469 | C7: 编号4 | D7: =IFERROR(VLOOKUP(C7,JBZL,2,FALSE),"-") -> 产品4 | E7: =IFERROR(VLOOKUP(C7,JBZL,3,FALSE),"-") -> 20*30*28 | F7: =IFERROR(VLOOKUP(C7,JBZL,4,FALSE),"-") -> 颜色4 | G7: =IFERROR(VLOOKUP(C7,JBZL,5,FALSE),"-") -> 台 | H7: 60 | I7: 20 | J7: =H7*I7 -> 1200
B8: 43470 | C8: 编号5 | D8: =IFERROR(VLOOKUP(C8,JBZL,2,FALSE),"-") -> 产品5 | E8: =IFERROR(VLOOKUP(C8,JBZL,3,FALSE),"-") -> 20*30*29 | F8: =IFERROR(VLOOKUP(C8,JBZL,4,FALSE),"-") -> 颜色5 | G8: =IFERROR(VLOOKUP(C8,JBZL,5,FALSE),"-") -> 套 | H8: 50 | I8: 25 | J8: =H8*I8 -> 1250
B9: 43471 | C9: 编号6 | D9: =IFERROR(VLOOKUP(C9,JBZL,2,FALSE),"-") -> 产品6 | E9: =IFERROR(VLOOKUP(C9,JBZL,3,FALSE),"-") -> 20*30*30 | F9: =IFERROR(VLOOKUP(C9,JBZL,4,FALSE),"-") -> 颜色6 | G9: =IFERROR(VLOOKUP(C9,JBZL,5,FALSE),"-") -> 套 | H9: 20 | I9: 30 | J9: =H9*I9 -> 600
B10: 43472 | C10: 编号7 | D10: =IFERROR(VLOOKUP(C10,JBZL,2,FALSE),"-") -> 产品7 | E10: =IFERROR(VLOOKUP(C10,JBZL,3,FALSE),"-") -> 20*30*31 | F10: =IFERROR(VLOOKUP(C10,JBZL,4,FALSE),"-") -> 颜色7 | G10: =IFERROR(VLOOKUP(C10,JBZL,5,FALSE),"-") -> 套 | H10: 30 | I10: 15 | J10: =H10*I10 -> 450
B11: 43473 | C11: 编号8 | D11: =IFERROR(VLOOKUP(C11,JBZL,2,FALSE),"-") -> 产品8 | E11: =IFERROR(VLOOKUP(C11,JBZL,3,FALSE),"-") -> 20*30*32 | F11: =IFERROR(VLOOKUP(C11,JBZL,4,FALSE),"-") -> 颜色8 | G11: =IFERROR(VLOOKUP(C11,JBZL,5,FALSE),"-") -> 台 | H11: 20 | I11: 15 | J11: =H11*I11 -> 300
B12: 43474 | C12: 编号9 | D12: =IFERROR(VLOOKUP(C12,JBZL,2,FALSE),"-") -> 产品9 | E12: =IFERROR(VLOOKUP(C12,JBZL,3,FALSE),"-") -> 20*30*33 | F12: =IFERROR(VLOOKUP(C12,JBZL,4,FALSE),"-") -> 颜色9 | G12: =IFERROR(VLOOKUP(C12,JBZL,5,FALSE),"-") -> 台 | H12: 15 | I12: 20 | J12: =H12*I12 -> 300
B13: 43475 | C13: 编号10 | D13: =IFERROR(VLOOKUP(C13,JBZL,2,FALSE),"-") -> 产品10 | E13: =IFERROR(VLOOKUP(C13,JBZL,3,FALSE),"-") -> 20*30*34 | F13: =IFERROR(VLOOKUP(C13,JBZL,4,FALSE),"-") -> 颜色10 | G13: =IFERROR(VLOOKUP(C13,JBZL,5,FALSE),"-") -> 台 | H13: 10 | I13: 20 | J13: =H13*I13 -> 200

Sheet 库存表利润
B1: 库存利润表
B2: 录入需要查询的日期 | F2: 开始日期 | G2: 43617 | H2: 结束日期 | I2: 43644
B3: 产品编号 | C3: 产品名称 | D3: 规格 | E3: 颜色 | F3: 单位 | G3: 上期结存 | H3: 本月采购数 | I3: 本月采购金额 | J3: 本月销售数 | K3: 本月销售金额 | L3: 本期结存 | M3: 本期销售利润
B4: 编号1 | C4: =IFERROR(VLOOKUP(B4,JBZL,2,FALSE),"-") -> 产品1 | D4: =IFERROR(VLOOKUP(B4,JBZL,3,FALSE),"-") -> 20*30*25 | E4: =IFERROR(VLOOKUP(B4,JBZL,4,FALSE),"-") -> 颜色1 | F4: =IFERROR(VLOOKUP(B4,JBZL,5,FALSE),"-") -> 套 | G4: =SUMPRODUCT(('采购（支出）'!C$4:C$4321=B4)*('采购（支出）'!B$4:B$4321<$G$2)*'采购（支出）'!H$4:H$4321)-SUMPRODUCT(('销售（收入）'!C$4:C$4333=B4)*('销售（收入）'!B$4:B$4333<$G$2)*'销售（收入）'!H$4:H$4333) -> -100 | H4: =SUMPRODUCT(('采购（支出）'!C$4:C$4321=B4)*('采购（支出）'!B$4:B$4321>=$G$2)*('采购（支出）'!B$4:B$4321<=$I$2)*'采购（支出）'!H$4:H$4321) -> 100 | I4: =SUMPRODUCT(('采购（支出）'!C$4:C$4321=B4)*('采购（支出）'!B$4:B$4321>=$G$2)*('采购（支出）'!B$4:B$4321<=$I$2)*'采购（支出）'!J$4:J$4321) -> 1000 | J4: =SUMPRODUCT(('销售（收入）'!C$4:C$4333=B4)*('销售（收入）'!B$4:B$4333>=$G$2)*('销售（收入）'!B$4:B$4333<=$I$2)*'销售（收入）'!H$4:H$4333) -> 0 | K4: =SUMPRODUCT(('销售（收入）'!C$4:C$4333=B4)*('销售（收入）'!B$4:B$4333>=$G$2)*('销售（收入）'!B$4:B$4333<=$I$2)*'销售（收入）'!J$4:J$4333) -> 0 | L4: =G4+H4-J4 -> 0 | M4: =IF(B4="","0",K4-(I4/H4*J4)) -> 0
B5: 编号2 | C5: =IFERROR(VLOOKUP(B5,JBZL,2,FALSE),"-") -> 产品2 | D5: =IFERROR(VLOOKUP(B5,JBZL,3,FALSE),"-") -> 20*30*26 | E5: =IFERROR(VLOOKUP(B5,JBZL,4,FALSE),"-") -> 颜色2 | F5: =IFERROR(VLOOKUP(B5,JBZL,5,FALSE),"-") -> 台 | G5: =SUMPRODUCT(('采购（支出）'!C$4:C$4321=B5)*('采购（支出）'!B$4:B$4321<$G$2)*'采购（支出）'!H$4:H$4321)-SUMPRODUCT(('销售（收入）'!C$4:C$4333=B5)*('销售（收入）'!B$4:B$4333<$G$2)*'销售（收入）'!H$4:H$4333) -> -80 | H5: =SUMPRODUCT(('采购（支出）'!C$4:C$4321=B5)*('采购（支出）'!B$4:B$4321>=$G$2)*('采购（支出）'!B$4:B$4321<=$I$2)*'采购（支出）'!H$4:H$4321) -> 150 | I5: =SUMPRODUCT(('采购（支出）'!C$4:C$4321=B5)*('采购（支出）'!B$4:B$4321>=$G$2)*('采购（支出）'!B$4:B$4321<=$I$2)*'采购（支出）'!J$4:J$4321) -> 2250 | J5: =SUMPRODUCT(('销售（收入）'!C$4:C$4333=B5)*('销售（收入）'!B$4:B$4333>=$G$2)*('销售（收入）'!B$4:B$4333<=$I$2)*'销售（收入）'!H$4:H$4333) -> 0 | K5: =SUMPRODUCT(('销售（收入）'!C$4:C$4333=B5)*('销售（收入）'!B$4:B$4333>=$G$2)*('销售（收入）'!B$4:B$4333<=$I$2)*'销售（收入）'!J$4:J$4333) -> 0 | L5: =G5+H5-J5 -> 70 | M5: =IF(B5="","0",K5-(I5/H5*J5)) -> 0
B6: 编号3 | C6: =IFERROR(VLOOKUP(B6,JBZL,2,FALSE),"-") -> 产品3 | D6: =IFERROR(VLOOKUP(B6,JBZL,3,FALSE),"-") -> 20*30*27 | E6: =IFERROR(VLOOKUP(B6,JBZL,4,FALSE),"-") -> 颜色3 | F6: =IFERROR(VLOOKUP(B6,JBZL,5,FALSE),"-") -> 台 | G6: =SUMPRODUCT(('采购（支出）'!C$4:C$4321=B6)*('采购（支出）'!B$4:B$4321<$G$2)*'采购（支出）'!H$4:H$4321)-SUMPRODUCT(('销售（收入）'!C$4:C$4333=B6)*('销售（收入）'!B$4:B$4333<$G$2)*'销售（收入）'!H$4:H$4333) -> -60 | H6: =SUMPRODUCT(('采购（支出）'!C$4:C$4321=B6)*('采购（支出）'!B$4:B$4321>=$G$2)*('采购（支出）'!B$4:B$4321<=$I$2)*'采购（支出）'!H$4:H$4321) -> 200 | I6: =SUMPRODUCT(('采购（支出）'!C$4:C$4321=B6)*('采购（支出）'!B$4:B$4321>=$G$2)*('采购（支出）'!B$4:B$4321<=$I$2)*'采购（支出）'!J$4:J$4321) -> 3000 | J6: =SUMPRODUCT(('销售（收入）'!C$4:C$4333=B6)*('销售（收入）'!B$4:B$4333>=$G$2)*('销售（收入）'!B$4:B$4333<=$I$2)*'销售（收入）'!H$4:H$4333) -> 0 | K6: =SUMPRODUCT(('销售（收入）'!C$4:C$4333=B6)*('销售（收入）'!B$4:B$4333>=$G$2)*('销售（收入）'!B$4:B$4333<=$I$2)*'销售（收入）'!J$4:J$4333) -> 0 | L6: =G6+H6-J6 -> 140 | M6: =IF(B6="","0",K6-(I6/H6*J6)) -> 0
B7: 编号4 | C7: =IFERROR(VLOOKUP(B7,JBZL,2,FALSE),"-") -> 产品4 | D7: =IFERROR(VLOOKUP(B7,JBZL,3,FALSE),"-") -> 20*30*28 | E7: =IFERROR(VLOOKUP(B7,JBZL,4,FALSE),"-") -> 颜色4 | F7: =IFERROR(VLOOKUP(B7,JBZL,5,FALSE),"-") -> 台 | G7: =SUMPRODUCT(('采购（支出）'!C$4:C$4321=B7)*('采购（支出）'!B$4:B$4321<$G$2)*'采购（支出）'!H$4:H$4321)-SUMPRODUCT(('销售（收入）'!C$4:C$4333=B7)*('销售（收入）'!B$4:B$4333<$G$2)*'销售（收入）'!H$4:H$4333) -> -60 | H7: =SUMPRODUCT(('采购（支出）'!C$4:C$4321=B7)*('采购（支出）'!B$4:B$4321>=$G$2)*('采购（支出）'!B$4:B$4321<=$I$2)*'采购（支出）'!H$4:H$4321) -> 120 | I7: =SUMPRODUCT(('采购（支出）'!C$4:C$4321=B7)*('采购（支出）'!B$4:B$4321>=$G$2)*('采购（支出）'!B$4:B$4321<=$I$2)*'采购（支出）'!J$4:J$4321) -> 1200 | J7: =SUMPRODUCT(('销售（收入）'!C$4:C$4333=B7)*('销售（收入）'!B$4:B$4333>=$G$2)*('销售（收入）'!B$4:B$4333<=$I$2)*'销售（收入）'!H$4:H$4333) -> 0 | K7: =SUMPRODUCT(('销售（收入）'!C$4:C$4333=B7)*('销售（收入）'!B$4:B$4333>=$G$2)*('销售（收入）'!B$4:B$4333<=$I$2)*'销售（收入）'!J$4:J$4333) -> 0 | L7: =G7+H7-J7 -> 60 | M7: =IF(B7="","0",K7-(I7/H7*J7)) -> 0
B8: 编号5 | C8: =IFERROR(VLOOKUP(B8,JBZL,2,FALSE),"-") -> 产品5 | D8: =IFERROR(VLOOKUP(B8,JBZL,3,FALSE),"-") -> 20*30*29 | E8: =IFERROR(VLOOKUP(B8,JBZL,4,FALSE),"-") -> 颜色5 | F8: =IFERROR(VLOOKUP(B8,JBZL,5,FALSE),"-") -> 套 | G8: =SUMPRODUCT(('采购（支出）'!C$4:C$4321=B8)*('采购（支出）'!B$4:B$4321<$G$2)*'采购（支出）'!H$4:H$4321)-SUMPRODUCT(('销售（收入）'!C$4:C$4333=B8)*('销售（收入）'!B$4:B$4333<$G$2)*'销售（收入）'!H$4:H$4333) -> -50 | H8: =SUMPRODUCT(('采购（支出）'!C$4:C$4321=B8)*('采购（支出）'!B$4:B$4321>=$G$2)*('采购（支出）'!B$4:B$4321<=$I$2)*'采购（支出）'!H$4:H$4321) -> 150 | I8: =SUMPRODUCT(('采购（支出）'!C$4:C$4321=B8)*('采购（支出）'!B$4:B$4321>=$G$2)*('采购（支出）'!B$4:B$4321<=$I$2)*'采购（支出）'!J$4:J$4321) -> 1800 | J8: =SUMPRODUCT(('销售（收入）'!C$4:C$4333=B8)*('销售（收入）'!B$4:B$4333>=$G$2)*('销售（收入）'!B$4:B$4333<=$I$2)*'销售（收入）'!H$4:H$4333) -> 0 | K8: =SUMPRODUCT(('销售（收入）'!C$4:C$4333=B8)*('销售（收入）'!B$4:B$4333>=$G$2)*('销售（收入）'!B$4:B$4333<=$I$2)*'销售（收入）'!J$4:J$4333) -> 0 | L8: =G8+H8-J8 -> 100 | M8: =IF(B8="","0",K8-(I8/H8*J8)) -> 0
B9: 编号6 | C9: =IFERROR(VLOOKUP(B9,JBZL,2,FALSE),"-") -> 产品6 | D9: =IFERROR(VLOOKUP(B9,JBZL,3,FALSE),"-") -> 20*30*30 | E9: =IFERROR(VLOOKUP(B9,JBZL,4,FALSE),"-") -> 颜色6 | F9: =IFERROR(VLOOKUP(B9,JBZL,5,FALSE),"-") -> 套 | G9: =SUMPRODUCT(('采购（支出）'!C$4:C$4321=B9)*('采购（支出）'!B$4:B$4321<$G$2)*'采购（支出）'!H$4:H$4321)-SUMPRODUCT(('销售（收入）'!C$4:C$4333=B9)*('销售（收入）'!B$4:B$4333<$G$2)*'销售（收入）'!H$4:H$4333) -> -20 | H9: =SUMPRODUCT(('采购（支出）'!C$4:C$4321=B9)*('采购（支出）'!B$4:B$4321>=$G$2)*('采购（支出）'!B$4:B$4321<=$I$2)*'采购（支出）'!H$4:H$4321) -> 180 | I9: =SUMPRODUCT(('采购（支出）'!C$4:C$4321=B9)*('采购（支出）'!B$4:B$4321>=$G$2)*('采购（支出）'!B$4:B$4321<=$I$2)*'采购（支出）'!J$4:J$4321) -> 3240 | J9: =SUMPRODUCT(('销售（收入）'!C$4:C$4333=B9)*('销售（收入）'!B$4:B$4333>=$G$2)*('销售（收入）'!B$4:B$4333<=$I$2)*'销售（收入）'!H$4:H$4333) -> 0 | K9: =SUMPRODUCT(('销售（收入）'!C$4:C$4333=B9)*('销售（收入）'!B$4:B$4333>=$G$2)*('销售（收入）'!B$4:B$4333<=$I$2)*'销售（收入）'!J$4:J$4333) -> 0 | L9: =G9+H9-J9 -> 160 | M9: =IF(B9="","0",K9-(I9/H9*J9)) -> 0
B10: 编号7 | C10: =IFERROR(VLOOKUP(B10,JBZL,2,FALSE),"-") -> 产品7 | D10: =IFERROR(VLOOKUP(B10,JBZL,3,FALSE),"-") -> 20*30*31 | E10: =IFERROR(VLOOKUP(B10,JBZL,4,FALSE),"-") -> 颜色7 | F10: =IFERROR(VLOOKUP(B10,JBZL,5,FALSE),"-") -> 套 | G10: =SUMPRODUCT(('采购（支出）'!C$4:C$4321=B10)*('采购（支出）'!B$4:B$4321<$G$2)*'采购（支出）'!H$4:H$4321)-SUMPRODUCT(('销售（收入）'!C$4:C$4333=B10)*('销售（收入）'!B$4:B$4333<$G$2)*'销售（收入）'!H$4:H$4333) -> -30 | H10: =SUMPRODUCT(('采购（支出）'!C$4:C$4321=B10)*('采购（支出）'!B$4:B$4321>=$G$2)*('采购（支出）'!B$4:B$4321<=$I$2)*'采购（支出）'!H$4:H$4321) -> 60 | I10: =SUMPRODUCT(('采购（支出）'!C$4:C$4321=B10)*('采购（支出）'!B$4:B$4321>=$G$2)*('采购（支出）'!B$4:B$4321<=$I$2)*'采购（支出）'!J$4:J$4321) -> 300 | J10: =SUMPRODUCT(('销售（收入）'!C$4:C$4333=B10)*('销售（收入）'!B$4:B$4333>=$G$2)*('销售（收入）'!B$4:B$4333<=$I$2)*'销售（收入）'!H$4:H$4333) -> 0 | K10: =SUMPRODUCT(('销售（收入）'!C$4:C$4333=B10)*('销售（收入）'!B$4:B$4333>=$G$2)*('销售（收入）'!B$4:B$4333<=$I$2)*'销售（收入）'!J$4:J$4333) -> 0 | L10: =G10+H10-J10 -> 30 | M10: =IF(B10="","0",K10-(I10/H10*J10)) -> 0
B11: 编号8 | C11: =IFERROR(VLOOKUP(B11,JBZL,2,FALSE),"-") -> 产品8 | D11: =IFERROR(VLOOKUP(B11,JBZL,3,FALSE),"-") -> 20*30*32 | E11: =IFERROR(VLOOKUP(B11,JBZL,4,FALSE),"-") -> 颜色8 | F11: =IFERROR(VLOOKUP(B11,JBZL,5,FALSE),"-") -> 台 | G11: =SUMPRODUCT(('采购（支出）'!C$4:C$4321=B11)*('采购（支出）'!B$4:B$4321<$G$2)*'采购（支出）'!H$4:H$4321)-SUMPRODUCT(('销售（收入）'!C$4:C$4333=B11)*('销售（收入）'!B$4:B$4333<$G$2)*'销售（收入）'!H$4:H$4333) -> -20 | H11: =SUMPRODUCT(('采购（支出）'!C$4:C$4321=B11)*('采购（支出）'!B$4:B$4321>=$G$2)*('采购（支出）'!B$4:B$4321<=$I$2)*'采购（支出）'!H$4:H$4321) -> 80 | I11: =SUMPRODUCT(('采购（支出）'!C$4:C$4321=B11)*('采购（支出）'!B$4:B$4321>=$G$2)*('采购（支出）'!B$4:B$4321<=$I$2)*'采购（支出）'!J$4:J$4321) -> 480 | J11: =SUMPRODUCT(('销售（收入）'!C$4:C$4333=B11)*('销售（收入）'!B$4:B$4333>=$G$2)*('销售（收入）'!B$4:B$4333<=$I$2)*'销售（收入）'!H$4:H$4333) -> 0 | K11: =SUMPRODUCT(('销售（收入）'!C$4:C$4333=B11)*('销售（收入）'!B$4:B$4333>=$G$2)*('销售（收入）'!B$4:B$4333<=$I$2)*'销售（收入）'!J$4:J$4333) -> 0 | L11: =G11+H11-J11 -> 60 | M11: =IF(B11="","0",K11-(I11/H11*J11)) -> 0
B12: 编号9 | C12: =IFERROR(VLOOKUP(B12,JBZL,2,FALSE),"-") -> 产品9 | D12: =IFERROR(VLOOKUP(B12,JBZL,3,FALSE),"-") -> 20*30*33 | E12: =IFERROR(VLOOKUP(B12,JBZL,4,FALSE),"-") -> 颜色9 | F12: =IFERROR(VLOOKUP(B12,JBZL,5,FALSE),"-") -> 台 | G12: =SUMPRODUCT(('采购（支出）'!C$4:C$4321=B12)*('采购（支出）'!B$4:B$4321<$G$2)*'采购（支出）'!H$4:H$4321)-SUMPRODUCT(('销售（收入）'!C$4:C$4333=B12)*('销售（收入）'!B$4:B$4333<$G$2)*'销售（收入）'!H$4:H$4333) -> -15 | H12: =SUMPRODUCT(('采购（支出）'!C$4:C$4321=B12)*('采购（支出）'!B$4:B$4321>=$G$2)*('采购（支出）'!B$4:B$4321<=$I$2)*'采购（支出）'!H$4:H$4321) -> 50 | I12: =SUMPRODUCT(('采购（支出）'!C$4:C$4321=B12)*('采购（支出）'!B$4:B$4321>=$G$2)*('采购（支出）'!B$4:B$4321<=$I$2)*'采购（支出）'!J$4:J$4321) -> 400 | J12: =SUMPRODUCT(('销售（收入）'!C$4:C$4333=B12)*('销售（收入）'!B$4:B$4333>=$G$2)*('销售（收入）'!B$4:B$4333<=$I$2)*'销售（收入）'!H$4:H$4333) -> 0 | K12: =SUMPRODUCT(('销售（收入）'!C$4:C$4333=B12)*('销售（收入）'!B$4:B$4333>=$G$2)*('销售（收入）'!B$4:B$4333<=$I$2)*'销售（收入）'!J$4:J$4333) -> 0 | L12: =G12+H12-J12 -> 35 | M12: =IF(B12="","0",K12-(I12/H12*J12)) -> 0
B13: 编号10 | C13: =IFERROR(VLOOKUP(B13,JBZL,2,FALSE),"-") -> 产品10 | D13: =IFERROR(VLOOKUP(B13,JBZL,3,FALSE),"-") -> 20*30*34 | E13: =IFERROR(VLOOKUP(B13,JBZL,4,FALSE),"-") -> 颜色10 | F13: =IFERROR(VLOOKUP(B13,JBZL,5,FALSE),"-") -> 台 | G13: =SUMPRODUCT(('采购（支出）'!C$4:C$4321=B13)*('采购（支出）'!B$4:B$4321<$G$2)*'采购（支出）'!H$4:H$4321)-SUMPRODUCT(('销售（收入）'!C$4:C$4333=B13)*('销售（收入）'!B$4:B$4333<$G$2)*'销售（收入）'!H$4:H$4333) -> -10 | H13: =SUMPRODUCT(('采购（支出）'!C$4:C$4321=B13)*('采购（支出）'!B$4:B$4321>=$G$2)*('采购（支出）'!B$4:B$4321<=$I$2)*'采购（支出）'!H$4:H$4321) -> 50 | I13: =SUMPRODUCT(('采购（支出）'!C$4:C$4321=B13)*('采购（支出）'!B$4:B$4321>=$G$2)*('采购（支出）'!B$4:B$4321<=$I$2)*'采购（支出）'!J$4:J$4321) -> 400 | J13: =SUMPRODUCT(('销售（收入）'!C$4:C$4333=B13)*('销售（收入）'!B$4:B$4333>=$G$2)*('销售（收入）'!B$4:B$4333<=$I$2)*'销售（收入）'!H$4:H$4333) -> 0 | K13: =SUMPRODUCT(('销售（收入）'!C$4:C$4333=B13)*('销售（收入）'!B$4:B$4333>=$G$2)*('销售（收入）'!B$4:B$4333<=$I$2)*'销售（收入）'!J$4:J$4333) -> 0 | L13: =G13+H13-J13 -> 40 | M13: =IF(B13="","0",K13-(I13/H13*J13)) -> 0
C14: =IFERROR(VLOOKUP(B14,JBZL,2,FALSE),"-") -> - | D14: =IFERROR(VLOOKUP(B14,JBZL,3,FALSE),"-") -> - | E14: =IFERROR(VLOOKUP(B14,JBZL,4,FALSE),"-") -> - | F14: =IFERROR(VLOOKUP(B14,JBZL,5,FALSE),"-") -> - | G14: =SUMPRODUCT(('采购（支出）'!C$4:C$4321=B14)*('采购（支出）'!B$4:B$4321<$G$2)*'采购（支出）'!H$4:H$4321)-SUMPRODUCT(('销售（收入）'!C$4:C$4333=B14)*('销售（收入）'!B$4:B$4333<$G$2)*'销售（收入）'!H$4:H$4333) -> 0 | H14: =SUMPRODUCT(('采购（支出）'!C$4:C$4321=B14)*('采购（支出）'!B$4:B$4321>=$G$2)*('采购（支出）'!B$4:B$4321<=$I$2)*'采购（支出）'!H$4:H$4321) -> 0 | I14: =SUMPRODUCT(('采购（支出）'!C$4:C$4321=B14)*('采购（支出）'!B$4:B$4321>=$G$2)*('采购（支出）'!B$4:B$4321<=$I$2)*'采购（支出）'!J$4:J$4321) -> 0 | J14: =SUMPRODUCT(('销售（收入）'!C$4:C$4333=B14)*('销售（收入）'!B$4:B$4333>=$G$2)*('销售（收入）'!B$4:B$4333<=$I$2)*'销售（收入）'!H$4:H$4333) -> 0 | K14: =SUMPRODUCT(('销售（收入）'!C$4:C$4333=B14)*('销售（收入）'!B$4:B$4333>=$G$2)*('销售（收入）'!B$4:B$4333<=$I$2)*'销售（收入）'!J$4:J$4333) -> 0 | L14: =G14+H14-J14 -> 0 | M14: =IF(B14="","0",K14-(I14/H14*J14)) -> 0
C15: =IFERROR(VLOOKUP(B15,JBZL,2,FALSE),"-") -> - | D15: =IFERROR(VLOOKUP(B15,JBZL,3,FALSE),"-") -> - | E15: =IFERROR(VLOOKUP(B15,JBZL,4,FALSE),"-") -> - | F15: =IFERROR(VLOOKUP(B15,JBZL,5,FALSE),"-") -> - | G15: =SUMPRODUCT(('采购（支出）'!C$4:C$4321=B15)*('采购（支出）'!B$4:B$4321<$G$2)*'采购（支出）'!H$4:H$4321)-SUMPRODUCT(('销售（收入）'!C$4:C$4333=B15)*('销售（收入）'!B$4:B$4333<$G$2)*'销售（收入）'!H$4:H$4333) -> 0 | H15: =SUMPRODUCT(('采购（支出）'!C$4:C$4321=B15)*('采购（支出）'!B$4:B$4321>=$G$2)*('采购（支出）'!B$4:B$4321<=$I$2)*'采购（支出）'!H$4:H$4321) -> 0 | I15: =SUMPRODUCT(('采购（支出）'!C$4:C$4321=B15)*('采购（支出）'!B$4:B$4321>=$G$2)*('采购（支出）'!B$4:B$4321<=$I$2)*'采购（支出）'!J$4:J$4321) -> 0 | J15: =SUMPRODUCT(('销售（收入）'!C$4:C$4333=B15)*('销售（收入）'!B$4:B$4333>=$G$2)*('销售（收入）'!B$4:B$4333<=$I$2)*'销售（收入）'!H$4:H$4333) -> 0 | K15: =SUMPRODUCT(('销售（收入）'!C$4:C$4333=B15)*('销售（收入）'!B$4:B$4333>=$G$2)*('销售（收入）'!B$4:B$4333<=$I$2)*'销售（收入）'!J$4:J$4333) -> 0 | L15: =G15+H15-J15 -> 0 | M15: =IF(B15="","0",K15-(I15/H15*J15)) -> 0
C16: =IFERROR(VLOOKUP(B16,JBZL,2,FALSE),"-") -> - | D16: =IFERROR(VLOOKUP(B16,JBZL,3,FALSE),"-") -> - | E16: =IFERROR(VLOOKUP(B16,JBZL,4,FALSE),"-") -> - | F16: =IFERROR(VLOOKUP(B16,JBZL,5,FALSE),"-") -> - | G16: =SUMPRODUCT(('采购（支出）'!C$4:C$4321=B16)*('采购（支出）'!B$4:B$4321<$G$2)*'采购（支出）'!H$4:H$4321)-SUMPRODUCT(('销售（收入）'!C$4:C$4333=B16)*('销售（收入）'!B$4:B$4333<$G$2)*'销售（收入）'!H$4:H$4333) -> 0 | H16: =SUMPRODUCT(('采购（支出）'!C$4:C$4321=B16)*('采购（支出）'!B$4:B$4321>=$G$2)*('采购（支出）'!B$4:B$4321<=$I$2)*'采购（支出）'!H$4:H$4321) -> 0 | I16: =SUMPRODUCT(('采购（支出）'!C$4:C$4321=B16)*('采购（支出）'!B$4:B$4321>=$G$2)*('采购（支出）'!B$4:B$4321<=$I$2)*'采购（支出）'!J$4:J$4321) -> 0 | J16: =SUMPRODUCT(('销售（收入）'!C$4:C$4333=B16)*('销售（收入）'!B$4:B$4333>=$G$2)*('销售（收入）'!B$4:B$4333<=$I$2)*'销售（收入）'!H$4:H$4333) -> 0 | K16: =SUMPRODUCT(('销售（收入）'!C$4:C$4333=B16)*('销售（收入）'!B$4:B$4333>=$G$2)*('销售（收入）'!B$4:B$4333<=$I$2)*'销售（收入）'!J$4:J$4333) -> 0 | L16: =G16+H16-J16 -> 0 | M16: =IF(B16="","0",K16-(I16/H16*J16)) -> 0
C17: =IFERROR(VLOOKUP(B17,JBZL,2,FALSE),"-") -> - | D17: =IFERROR(VLOOKUP(B17,JBZL,3,FALSE),"-") -> - | E17: =IFERROR(VLOOKUP(B17,JBZL,4,FALSE),"-") -> - | F17: =IFERROR(VLOOKUP(B17,JBZL,5,FALSE),"-") -> - | G17: =SUMPRODUCT(('采购（支出）'!C$4:C$4321=B17)*('采购（支出）'!B$4:B$4321<$G$2)*'采购（支出）'!H$4:H$4321)-SUMPRODUCT(('销售（收入）'!C$4:C$4333=B17)*('销售（收入）'!B$4:B$4333<$G$2)*'销售（收入）'!H$4:H$4333) -> 0 | H17: =SUMPRODUCT(('采购（支出）'!C$4:C$4321=B17)*('采购（支出）'!B$4:B$4321>=$G$2)*('采购（支出）'!B$4:B$4321<=$I$2)*'采购（支出）'!H$4:H$4321) -> 0 | I17: =SUMPRODUCT(('采购（支出）'!C$4:C$4321=B17)*('采购（支出）'!B$4:B$4321>=$G$2)*('采购（支出）'!B$4:B$4321<=$I$2)*'采购（支出）'!J$4:J$4321) -> 0 | J17: =SUMPRODUCT(('销售（收入）'!C$4:C$4333=B17)*('销售（收入）'!B$4:B$4333>=$G$2)*('销售（收入）'!B$4:B$4333<=$I$2)*'销售（收入）'!H$4:H$4333) -> 0 | K17: =SUMPRODUCT(('销售（收入）'!C$4:C$4333=B17)*('销售（收入）'!B$4:B$4333>=$G$2)*('销售（收入）'!B$4:B$4333<=$I$2)*'销售（收入）'!J$4:J$4333) -> 0 | L17: =G17+H17-J17 -> 0 | M17: =IF(B17="","0",K17-(I17/H17*J17)) -> 0
C18: =IFERROR(VLOOKUP(B18,JBZL,2,FALSE),"-") -> - | D18: =IFERROR(VLOOKUP(B18,JBZL,3,FALSE),"-") -> - | E18: =IFERROR(VLOOKUP(B18,JBZL,4,FALSE),"-") -> - | F18: =IFERROR(VLOOKUP(B18,JBZL,5,FALSE),"-") -> - | G18: =SUMPRODUCT(('采购（支出）'!C$4:C$4321=B18)*('采购（支出）'!B$4:B$4321<$G$2)*'采购（支出）'!H$4:H$4321)-SUMPRODUCT(('销售（收入）'!C$4:C$4333=B18)*('销售（收入）'!B$4:B$4333<$G$2)*'销售（收入）'!H$4:H$4333) -> 0 | H18: =SUMPRODUCT(('采购（支出）'!C$4:C$4321=B18)*('采购（支出）'!B$4:B$4321>=$G$2)*('采购（支出）'!B$4:B$4321<=$I$2)*'采购（支出）'!H$4:H$4321) -> 0 | I18: =SUMPRODUCT(('采购（支出）'!C$4:C$4321=B18)*('采购（支出）'!B$4:B$4321>=$G$2)*('采购（支出）'!B$4:B$4321<=$I$2)*'采购（支出）'!J$4:J$4321) -> 0 | J18: =SUMPRODUCT(('销售（收入）'!C$4:C$4333=B18)*('销售（收入）'!B$4:B$4333>=$G$2)*('销售（收入）'!B$4:B$4333<=$I$2)*'销售（收入）'!H$4:H$4333) -> 0 | K18: =SUMPRODUCT(('销售（收入）'!C$4:C$4333=B18)*('销售（收入）'!B$4:B$4333>=$G$2)*('销售（收入）'!B$4:B$4333<=$I$2)*'销售（收入）'!J$4:J$4333) -> 0 | L18: =G18+H18-J18 -> 0 | M18: =IF(B18="","0",K18-(I18/H18*J18)) -> 0
C19: =IFERROR(VLOOKUP(B19,JBZL,2,FALSE),"-") -> - | D19: =IFERROR(VLOOKUP(B19,JBZL,3,FALSE),"-") -> - | E19: =IFERROR(VLOOKUP(B19,JBZL,4,FALSE),"-") -> - | F19: =IFERROR(VLOOKUP(B19,JBZL,5,FALSE),"-") -> - | G19: =SUMPRODUCT(('采购（支出）'!C$4:C$4321=B19)*('采购（支出）'!B$4:B$4321<$G$2)*'采购（支出）'!H$4:H$4321)-SUMPRODUCT(('销售（收入）'!C$4:C$4333=B19)*('销售（收入）'!B$4:B$4333<$G$2)*'销售（收入）'!H$4:H$4333) -> 0 | H19: =SUMPRODUCT(('采购（支出）'!C$4:C$4321=B19)*('采购（支出）'!B$4:B$4321>=$G$2)*('采购（支出）'!B$4:B$4321<=$I$2)*'采购（支出）'!H$4:H$4321) -> 0 | I19: =SUMPRODUCT(('采购（支出）'!C$4:C$4321=B19)*('采购（支出）'!B$4:B$4321>=$G$2)*('采购（支出）'!B$4:B$4321<=$I$2)*'采购（支出）'!J$4:J$4321) -> 0 | J19: =SUMPRODUCT(('销售（收入）'!C$4:C$4333=B19)*('销售（收入）'!B$4:B$4333>=$G$2)*('销售（收入）'!B$4:B$4333<=$I$2)*'销售（收入）'!H$4:H$4333) -> 0 | K19: =SUMPRODUCT(('销售（收入）'!C$4:C$4333=B19)*('销售（收入）'!B$4:B$4333>=$G$2)*('销售（收入）'!B$4:B$4333<=$I$2)*'销售（收入）'!J$4:J$4333) -> 0 | L19: =G19+H19-J19 -> 0 | M19: =IF(B19="","0",K19-(I19/H19*J19)) -> 0
C20: =IFERROR(VLOOKUP(B20,JBZL,2,FALSE),"-") -> - | D20: =IFERROR(VLOOKUP(B20,JBZL,3,FALSE),"-") -> - | E20: =IFERROR(VLOOKUP(B20,JBZL,4,FALSE),"-") -> - | F20: =IFERROR(VLOOKUP(B20,JBZL,5,FALSE),"-") -> - | G20: =SUMPRODUCT(('采购（支出）'!C$4:C$4321=B20)*('采购（支出）'!B$4:B$4321<$G$2)*'采购（支出）'!H$4:H$4321)-SUMPRODUCT(('销售（收入）'!C$4:C$4333=B20)*('销售（收入）'!B$4:B$4333<$G$2)*'销售（收入）'!H$4:H$4333) -> 0 | H20: =SUMPRODUCT(('采购（支出）'!C$4:C$4321=B20)*('采购（支出）'!B$4:B$4321>=$G$2)*('采购（支出）'!B$4:B$4321<=$I$2)*'采购（支出）'!H$4:H$4321) -> 0 | I20: =SUMPRODUCT(('采购（支出）'!C$4:C$4321=B20)*('采购（支出）'!B$4:B$4321>=$G$2)*('采购（支出）'!B$4:B$4321<=$I$2)*'采购（支出）'!J$4:J$4321) -> 0 | J20: =SUMPRODUCT(('销售（收入）'!C$4:C$4333=B20)*('销售（收入）'!B$4:B$4333>=$G$2)*('销售（收入）'!B$4:B$4333<=$I$2)*'销售（收入）'!H$4:H$4333) -> 0 | K20: =SUMPRODUCT(('销售（收入）'!C$4:C$4333=B20)*('销售（收入）'!B$4:B$4333>=$G$2)*('销售（收入）'!B$4:B$4333<=$I$2)*'销售（收入）'!J$4:J$4333) -> 0 | L20: =G20+H20-J20 -> 0 | M20: =IF(B20="","0",K20-(I20/H20*J20)) -> 0
C21: =IFERROR(VLOOKUP(B21,JBZL,2,FALSE),"-") -> - | D21: =IFERROR(VLOOKUP(B21,JBZL,3,FALSE),"-") -> - | E21: =IFERROR(VLOOKUP(B21,JBZL,4,FALSE),"-") -> - | F21: =IFERROR(VLOOKUP(B21,JBZL,5,FALSE),"-") -> - | G21: =SUMPRODUCT(('采购（支出）'!C$4:C$4321=B21)*('采购（支出）'!B$4:B$4321<$G$2)*'采购（支出）'!H$4:H$4321)-SUMPRODUCT(('销售（收入）'!C$4:C$4333=B21)*('销售（收入）'!B$4:B$4333<$G$2)*'销售（收入）'!H$4:H$4333) -> 0 | H21: =SUMPRODUCT(('采购（支出）'!C$4:C$4321=B21)*('采购（支出）'!B$4:B$4321>=$G$2)*('采购（支出）'!B$4:B$4321<=$I$2)*'采购（支出）'!H$4:H$4321) -> 0 | I21: =SUMPRODUCT(('采购（支出）'!C$4:C$4321=B21)*('采购（支出）'!B$4:B$4321>=$G$2)*('采购（支出）'!B$4:B$4321<=$I$2)*'采购（支出）'!J$4:J$4321) -> 0 | J21: =SUMPRODUCT(('销售（收入）'!C$4:C$4333=B21)*('销售（收入）'!B$4:B$4333>=$G$2)*('销售（收入）'!B$4:B$4333<=$I$2)*'销售（收入）'!H$4:H$4333) -> 0 | K21: =SUMPRODUCT(('销售（收入）'!C$4:C$4333=B21)*('销售（收入）'!B$4:B$4333>=$G$2)*('销售（收入）'!B$4:B$4333<=$I$2)*'销售（收入）'!J$4:J$4333) -> 0 | L21: =G21+H21-J21 -> 0 | M21: =IF(B21="","0",K21-(I21/H21*J21)) -> 0
C22: =IFERROR(VLOOKUP(B22,JBZL,2,FALSE),"-") -> - | D22: =IFERROR(VLOOKUP(B22,JBZL,3,FALSE),"-") -> - | E22: =IFERROR(VLOOKUP(B22,JBZL,4,FALSE),"-") -> - | F22: =IFERROR(VLOOKUP(B22,JBZL,5,FALSE),"-") -> - | G22: =SUMPRODUCT(('采购（支出）'!C$4:C$4321=B22)*('采购（支出）'!B$4:B$4321<$G$2)*'采购（支出）'!H$4:H$4321)-SUMPRODUCT(('销售（收入）'!C$4:C$4333=B22)*('销售（收入）'!B$4:B$4333<$G$2)*'销售（收入）'!H$4:H$4333) -> 0 | H22: =SUMPRODUCT(('采购（支出）'!C$4:C$4321=B22)*('采购（支出）'!B$4:B$4321>=$G$2)*('采购（支出）'!B$4:B$4321<=$I$2)*'采购（支出）'!H$4:H$4321) -> 0 | I22: =SUMPRODUCT(('采购（支出）'!C$4:C$4321=B22)*('采购（支出）'!B$4:B$4321>=$G$2)*('采购（支出）'!B$4:B$4321<=$I$2)*'采购（支出）'!J$4:J$4321) -> 0 | J22: =SUMPRODUCT(('销售（收入）'!C$4:C$4333=B22)*('销售（收入）'!B$4:B$4333>=$G$2)*('销售（收入）'!B$4:B$4333<=$I$2)*'销售（收入）'!H$4:H$4333) -> 0 | K22: =SUMPRODUCT(('销售（收入）'!C$4:C$4333=B22)*('销售（收入）'!B$4:B$4333>=$G$2)*('销售（收入）'!B$4:B$4333<=$I$2)*'销售（收入）'!J$4:J$4333) -> 0 | L22: =G22+H22-J22 -> 0 | M22: =IF(B22="","0",K22-(I22/H22*J22)) -> 0
C23: =IFERROR(VLOOKUP(B23,JBZL,2,FALSE),"-") -> - | D23: =IFERROR(VLOOKUP(B23,JBZL,3,FALSE),"-") -> - | E23: =IFERROR(VLOOKUP(B23,JBZL,4,FALSE),"-") -> - | F23: =IFERROR(VLOOKUP(B23,JBZL,5,FALSE),"-") -> - | G23: =SUMPRODUCT(('采购（支出）'!C$4:C$4321=B23)*('采购（支出）'!B$4:B$4321<$G$2)*'采购（支出）'!H$4:H$4321)-SUMPRODUCT(('销售（收入）'!C$4:C$4333=B23)*('销售（收入）'!B$4:B$4333<$G$2)*'销售（收入）'!H$4:H$4333) -> 0 | H23: =SUMPRODUCT(('采购（支出）'!C$4:C$4321=B23)*('采购（支出）'!B$4:B$4321>=$G$2)*('采购（支出）'!B$4:B$4321<=$I$2)*'采购（支出）'!H$4:H$4321) -> 0 | I23: =SUMPRODUCT(('采购（支出）'!C$4:C$4321=B23)*('采购（支出）'!B$4:B$4321>=$G$2)*('采购（支出）'!B$4:B$4321<=$I$2)*'采购（支出）'!J$4:J$4321) -> 0 | J23: =SUMPRODUCT(('销售（收入）'!C$4:C$4333=B23)*('销售（收入）'!B$4:B$4333>=$G$2)*('销售（收入）'!B$4:B$4333<=$I$2)*'销售（收入）'!H$4:H$4333) -> 0 | K23: =SUMPRODUCT(('销售（收入）'!C$4:C$4333=B23)*('销售（收入）'!B$4:B$4333>=$G$2)*('销售（收入）'!B$4:B$4333<=$I$2)*'销售（收入）'!J$4:J$4333) -> 0 | L23: =G23+H23-J23 -> 0 | M23: =IF(B23="","0",K23-(I23/H23*J23)) -> 0
